 Dungeon Crawl Stone Soup version 0.31.0-11-ge490571c62 (webtiles) character file.

Game seed: 4845267547606476949

235 Ashen the Chopper (level 6, 0/56 HPs)
             Began as a Hill Orc Monk on Feb 4, 2024.
             Slain by a river rat (5 damage)
             ... in a sewer.
             The game lasted 00:04:56 (2644 turns).

Ashen the Chopper (Hill Orc Monk)                   Turns: 2644, Time: 00:04:57

Health: 0/56       AC:  3    Str: 16    XL:     6   Next: 6%
Magic:  6/6        EV: 13    Int: 10    God:
Gold:   161        SH:  0    Dex: 13    Spells: 5/5 levels left

rFire   . . .        a - +0 hand axe
rCold   . . .        d - orb {light}
rNeg    . . .        b - +0 robe
rPois   .            (no helmet)
rElec   .            (no cloak)
rCorr   .            (no gloves)
SInv    .            o - +0 pair of boots
Will    +....        (no amulet)
Stlth   +            (no ring)
HPRegen 0.29/turn    (no ring)
MPRegen 0.10/turn

%: no passive effects
@: enlightened, flying, glowing
A: no striking features
a: no special abilities


You were in a sewer.
You visited 1 branch of the dungeon, and saw 3 of its levels.
You also visited: Sewer.

You collected 161 gold pieces.

Inventory:

Hand Weapons
 a - a +0 hand axe (weapon)
Armour
 b - a +0 robe (worn)
 d - an orb of light (worn)
 o - a +0 pair of boots (worn)
Scrolls
 g - 2 scrolls of noise {unknown}
 h - 6 scrolls of identify {unknown}
 i - a scroll of blinking {unknown}
 k - a scroll of fear {unknown}
 l - a scroll of butterflies {unknown}
 n - a scroll of teleportation {unknown}
Potions
 e - a potion of enlightenment
 f - a potion of cancellation {unknown}
 j - 2 potions of degeneration
 m - 3 potions of mutation
 p - 2 potions of heal wounds {unknown}
 q - a potion of haste {unknown}
 r - 2 potions of lignification {unknown}
 s - a potion of invisibility {unknown}


   Skills:
 + Level 5.2 Fighting
 + Level 5.7 Axes
 + Level 1.8 Armour
 + Level 3.5 Dodging


You had 5 spell levels left.
You didn't know any spells.
Your spell library was empty.

Dungeon Overview and Level Annotations

Branches:
Dungeon (3/15)              Sewer (1/1)

Altars:


Message History

You hit the jackal.
You kill the jackal!
You hit the river rat but do no damage. The river rat misses you.
You enter the shallow water.
Moving in this stuff is going to be slow.
The river rat bites you!
* * * LOW HITPOINT WARNING * * *
The ribbon worm expels a string of sticky webbing.
The stream of webbing hits you but does no damage.
You are caught in a web!
You see here a jackal corpse.
You are confused.
You feel invigorated. The river rat bites you.
* * * LOW HITPOINT WARNING * * *
The river rat closely misses you.
You bump into the rock wall.
You feel less invigorated.
You feel less confused. The river rat completely misses you.
The ribbon worm bites you.
* * * LOW HITPOINT WARNING * * *
The river rat bites you but does no damage.
You enter the shallow water.
Moving in this stuff is going to be slow.
The river rat bites you.
* * * LOW HITPOINT WARNING * * *
The river rat bites you!
* * * LOW HITPOINT WARNING * * *
The river rat attacks as it pursues you!
The river rat barely misses you. The river rat barely misses you.
The river rat barely misses you.
It was a potion of enlightenment.
You feel very buoyant.
You fly up into the air.
The river rat barely misses you.
Okay, then.
Okay, then.
Unknown command.
You hit the river rat.
The river rat is moderately wounded.
The river rat bites you.
You die...

≈≈#... #≈≈≈# ≈≈.~.#
#≈≈≈# ≈~~~~ #≈≈≈#
≈.~~# #≈≈≈# ≈~~~#
#≈≈≈# ≈~.# #≈≈≈#
≈≈~###############≈≈≈#
≈≈~~~~~~†.~~~~h.~~~.~#
≈≈≈≈≈≈≈≈≈≈≈≈~w≈r@≈≈≈~#
≈~~~~~~~~~~~~~÷~~~~≈~#
≈~###~≈~####~~####~≈~#
≈~# #~≈~# #~~# #~≈~#
≈~# #~≈÷# #~~# #~≈~#
≈~# #~≈~####~.####.≈~#
≈~# #~≈†##.#..#.##~≈÷#
≈~# #~≈.##.'..'.##~≈~#
≈~# #~≈~##.'..'.##~≈~#


You could see a ribbon worm, a river rat and a jackal.

Vanquished Creatures
  A brain worm (Sewer)
  5 adders
  5 river rats
  A ribbon worm (D:2)
  10 ball pythons
  5 endoplasms
  5 giant cockroaches
  2 goblins (D:1)
  7 hobgoblins
  5 jackals
  5 quokkas
  9 bats
  9 frilled lizards
  4 kobolds
  8 rats
81 creatures vanquished.

Notes
Turn   | Place    | Note
-------+----------+-------------------------------------------
     0 | D:1      | Ashen the Hill Orc Monk began the quest for the Orb.
     0 | D:1      | Reached XP level 1. HP: 19/19 MP: 1/1
   148 | D:1      | Reached XP level 2. HP: 27/27 MP: 2/2
   717 | D:1      | Reached XP level 3. HP: 33/33 MP: 3/3
  1298 | D:2      | Reached XP level 4. HP: 26/41 MP: 4/4
  1403 | D:2      | Reached skill level 5 in Axes
  2040 | D:3      | Found a glowing drain.
  2061 | Sewer    | Entered a sewer
  2074 | Sewer    | Reached XP level 5. HP: 13/47 MP: 5/5
  2373 | Sewer    | Reached skill level 1 in Armour
  2377 | Sewer    | Reached skill level 5 in Fighting
  2494 | Sewer    | Reached XP level 6. HP: 40/56 MP: 6/6
  2644 | Sewer    | Slain by a river rat

Illustrated notes

Levels and vault maps discovered:
D:1:      heliophobic_arrival_ceremonial_halls, layout_basic,
          grunt_decor_arrowhead, dreamdust_princess_corridor
D:2:      layout_loops_corners
D:3:      layout_loops_ring, tso_oasis_becter, portal_sewer_entry_a,
          grunt_ministairs_3
Sewer:    sewer_fruit_machine

Skill      XL: |  1  2  3  4  5 |
---------------+----------------+-----
Fighting       | 4 5 |  5.2
Dodging        | 3 |  3.5
Axes           | 5 |  5.7
Armour         | 1 |  1.8

Action                     |  1- 3 |  4- 6 || total
---------------------------+-------+-------++-------
  Melee: Hand axe          |    78 |   149 ||   227
    Use: Potion            |       |     2 ||     2
 Armour: Robe              |    41 |    98 ||   139
  Dodge: Dodged            |    48 |   123 ||   171
